AoeStats
← 一条固执的鱼

Highland

503784604Analyzed
3v3 RM · 1mo ago on Sep 2, 2026· 44m 2s· 6 players
Game mode
Random Map
Map size
Normal (6 player)
Population
200
Speed
Normal
Resources
Standard
Victory
Conquest
Starting age
Dark Age
Ending age
Imperial Age
RankedLock teamsTeams togetherTeam positionsShared explorationLock speedFull tech treeHidden civsTurbo modeCheats
Victory
Defeat
🇳🇿 Lithuanians · New Zealand
1325
+11
🇳🇿 Inca · New Zealand
1297
+12
🇳🇿 Spanish · New Zealand
1256
+14
🇨🇳 Teutons · China
1225
-13
🇨🇳 Britons · China
1217
-13
🇨🇳 Malay · China
1202
-12
Ayy Lmao
10:54 Feudal Age
10:33 Loom
15:11 Castle Age
15:16 Double-Bit Axe
16:28 Scale Mail Armor
16:35 Scale Barding Armor
18:11 Bow Saw
18:51 Husbandry
21:54 Horse Collar
26:53 Chain Barding Armor
27:59 Bloodlines
28:57 Forging
33:54 Wheelbarrow
35:00 Hand Cart
36:20 Iron Casting
39:05 Imperial Age
39:34 Elite Leitis
40:17 Cavalier
41:07 Gold Mining
42:11 Plate Barding Armor
shadownug
12:16 Feudal Age
16:10 Loom
19:00 Castle Age
20:54 Fletching
20:58 Double-Bit Axe
20:55 Horse Collar
22:44 Bow Saw
22:37 Heavy Plow
26:11 Wheelbarrow
29:39 Elite Skirmisher
31:15 Bodkin Arrow
31:20 Padded Archer Armor
40:15 Leather Archer Armor
40:50 Hand Cart
43:13 Imperial Age
40:59 Hand Cart
N1K
8:31 Loom
10:46 Feudal Age
18:35 Double-Bit Axe
18:31 Horse Collar
21:50 Castle Age
19:47 Champi Runner
20:30 Scale Mail Armor
21:17 Horse Collar
22:20 Champi Warrior
23:00 Squires
24:28 Fishing Lines
25:26 Chain Mail Armor
25:14 Pikeman
27:51 Fletching
34:52 Forging
36:08 Wheelbarrow
36:24 Bow Saw
沉着 冷静
8:57 Feudal Age
8:52 Double-Bit Axe
11:43 Fletching
16:10 Loom
19:58 Castle Age
17:48 Horse Collar
18:01 Gold Mining
19:03 Crossbowman
19:38 Bodkin Arrow
21:16 Padded Archer Armor
21:42 Town Watch
22:32 Wheelbarrow
22:11 Bow Saw
23:15 Ballistics
30:49 Imperial Age
30:16 Bracer
30:28 Heavy Plow
31:11 Stone Mining
31:26 Arbalester
33:15 Thumb Ring
35:12 Chemistry
37:06 Coinage
36:53 Hand Cart
37:18 Leather Archer Armor
38:48 Siege Engineers
38:24 Treadmill Crane
39:52 Ring Archer Armor
42:18 Town Patrol
42:35 Forging
44:54 Conscription
一条固执的鱼
6:23 Loom
9:27 Feudal Age
10:15 Double-Bit Axe
13:57 Fletching
22:40 Castle Age
20:48 Gold Mining
20:40 Horse Collar
22:04 Padded Archer Armor
22:37 Stone Mining
23:32 Bow Saw
23:12 Crossbowman
24:47 Bodkin Arrow
28:00 Gold Shaft Mining
30:06 Wheelbarrow
30:32 Ballistics
32:38 Leather Archer Armor
38:58 Imperial Age
38:38 Heavy Plow
40:31 Yeomen
41:29 Chemistry
39:52 Arbalester
43:52 Hand Cart
44:07 Warwolf
809591945
7:13 Loom
9:29 Feudal Age
10:02 Town Watch
10:32 Double-Bit Axe
15:04 Horse Collar
20:14 Castle Age
18:44 Gold Mining
19:08 Scale Barding Armor
19:36 Bloodlines
20:30 Forging
21:18 Chain Barding Armor
21:35 Heavy Plow
23:18 Bow Saw
26:17 Iron Casting
27:58 Wheelbarrow
35:39 Imperial Age
34:16 Hand Cart
34:39 Stone Mining
36:59 Plate Barding Armor
35:48 Cavalier
37:31 Paladin
41:20 Blast Furnace
42:17 Conscription
42:36 Hoardings
Connection lost

Rejoining the realm…

Still unreachable

The connection could not be restored.

Session expired

The server has moved on; the page needs a fresh start.